 Dungeon Crawl Stone Soup version 0.31-a0-1002-g8e65716e6e (webtiles) character file.

Game seed: 3670264929462962701

253 Avanven the Ruffian (level 5, -1/46 HPs)
             Began as a Troll Shapeshifter on Nov 10, 2023.
             Slain by a scorpion (6 damage)
             ... on level 4 of the Dungeon.
             The game lasted 00:04:23 (2128 turns).

Avanven the Ruffian (Troll Shapeshifter)            Turns: 2128, Time: 00:04:23

Health: -1/46      AC: -3    Str: 24    XL:     5   Next: 90%
Magic:  4/4        EV:  9    Int:  6    God:
Gold:   81         SH:  0    Dex:  9    Spells: 4/4 levels left

rFire   . .          .
                       - Unarmed
rCold   + + .        (no shield)
rNeg    . . .        a - +1 animal skin
rPois   .            (helmet currently unavailable)
rElec   .            (cloak currently unavailable)
rCorr   .            (gloves unavailable)
SInv    .            (boots unavailable)
Will    .....        (no amulet)
Stlth   +            k - ring of protection from cold
HPRegen 1.07/turn    m - ring of protection from cold
MPRegen 0.09/turn

%: no passive effects
@: lethally poisoned (-1 -> -2), beast-form, corroded
A: beast (slay +2), large, unfitting armour, claws 3, regeneration 1, shaggy fur
1, tough skin 1
a: Begin Untransformation


You were on level 4 of the Dungeon.
You were a hulking beast.
You visited 1 branch of the dungeon, and saw 4 of its levels.

You collected 81 gold pieces.

Inventory:

Armour
 a - a +1 animal skin (worn)
Jewellery
 k - a ring of protection from cold (left claw)
 m - a ring of protection from cold (right claw)
Talismans
 c - a beast talisman
 d - a flux talisman
Scrolls
 e - a scroll of fear {unknown}
 g - a scroll of teleportation
 i - 2 scrolls of identify
 j - a scroll of poison
 p - a scroll of noise {unknown}
 q - a scroll of fog {unknown}
Potions
 b - 2 potions of lignification
 f - a potion of resistance
 h - a potion of haste {unknown}
 l - 2 potions of curing
 n - a potion of mutation {unknown}
 o - 2 potions of heal wounds {unknown}


   Skills:
 - Level 0.7 Fighting
 - Level 1.5 Dodging
 * Level 5.7 Unarmed Combat
 + Level 4.2 Shapeshifting


You had 4 spell levels left.
You didn't know any spells.
Your spell library contained the following spells:

 Spells                   Type           Power      Damage    Failure   Level
 Sandblast                Erth           0%         2d4       45%         1
 Passwall                 Tmut/Erth      0%         N/A       58%         2
 Dazzling Flash           Conj/Hex       0%         N/A       83%         3
 Hailstorm                Conj/Ice       0%         3d3       83%         3
 Stone Arrow              Conj/Erth      0%         3d7       83%         3
 Volatile Blastmotes      Fire/Tloc      0%         2d10      83%         3
 Brom's Barrelling Bould  Conj/Erth      0%         2d3       99%         4
 Passage of Golubria      Tloc           0%         N/A       99%         4
 Iskenderun's Battlesphe  Conj           0%         2d6       100%        5
 Starburst                Conj/Fire      0%         6d3       100%        6
 Maxwell's Capacitive Co  Air            0%         ∞         100%        8


Dungeon Overview and Level Annotations

Branches:
Dungeon (4/15)
 Temple: D:4-7

Altars:
Sif Muna

Shops:
D:4 =


Innate Abilities, Weirdness & Mutations

You are a hulking beast.
Your limbs bulge with bestial killing power. (Slay +2)
You are too large for most types of armour.
You have claws for hands.
Your natural rate of healing is unusually fast.
You are covered in fur. (AC +1)
You have tough skin. (AC +1)


Message History

q - a scroll labelled CEZERU DOJO A jelly comes into view.
A jelly is nearby!
A jelly is nearby!
The jelly quivers.
A scorpion comes into view.
You barely miss the jelly. The jelly hits you. The acid corrodes you!
You are splashed with acid!
You barely miss the jelly. You claw the jelly! The acid corrodes you!
Your claws burn!
The jelly is almost dead.
The jelly closely misses you.
You scratch the jelly but do no damage.
Your claws burn!
The jelly is almost dead.
The jelly barely misses you. The scorpion stings you.
You barely miss the jelly.
The jelly is almost dead.
The jelly hits you.
You are splashed with acid!
The scorpion barely misses you.
You are too injured to fight recklessly!
You are too injured to fight recklessly!
You are too injured to fight recklessly!
You are too injured to fight recklessly!
You are too injured to fight recklessly!
You are too injured to fight recklessly!
You claw the jelly!
You kill the jelly!
The scorpion stings you.
You scratch the scorpion but do no damage.
The scorpion stings you.
* * * LOW HITPOINT WARNING * * *
You scratch the scorpion.
The scorpion is moderately wounded.
The scorpion stings you!
* * * LOW HITPOINT WARNING * * *
You are poisoned.
The scorpion poisons you!
You scratch the scorpion.
The scorpion is moderately wounded.
You feel sick. The scorpion stings you.
You die...

#..........###
#.....†...## ##........#
#.......## ##......##
#.......## ##........###
#####...........#####...
.........######.h.......
####...### ###s......
##### ##..... #### ## .#
##


You could see a scorpion.

Vanquished Creatures
  2 hounds
  2 jellies (D:4)
  Natasha (twice) (D:2)
  2 adders
  A worm (D:3)
  2 dart slugs
  5 orcs
  7 ball pythons
  4 endoplasms
  5 giant cockroaches
  6 goblins
  A hobgoblin (D:2)
  6 kobolds
  3 quokkas (D:2)
  3 bats
  5 frilled lizards
  5 rats (D:2)
61 creatures vanquished.

Notes
Turn   | Place    | Note
-------+----------+-------------------------------------------
     0 | D:1      | Avanven the Troll Shapeshifter began the quest for the Orb.
     0 | D:1      | Reached XP level 1. HP: 18/18 MP: 0/0
   201 | D:1      | Reached XP level 2. HP: 26/26 MP: 1/1
   600 | D:2      | Noticed Natasha
   603 | D:2      | Killed Natasha
   604 | D:2      | Reached skill level 4 in Unarmed Combat
   604 | D:2      | Reached XP level 3. HP: 23/32 MP: 2/2
   755 | D:2      | Noticed Natasha
   758 | D:2      | Killed Natasha
   759 | D:2      | Reached XP level 4. HP: 31/40 MP: 3/3
  1330 | D:3      | Identified the of Zalirr
  1381 | D:3      | Found a shimmering blue altar of Sif Muna.
  1488 | D:3      | Reached skill level 5 in Unarmed Combat
  1513 | D:3      | Reached XP level 5. HP: 36/46 MP: 4/4
  2048 | D:4      | Found Bidilur's Jewellery Boutique.
  2128 | D:4      | Slain by a scorpion

Illustrated notes

Levels and vault maps discovered:
D:1:      matt_arrival_grand_opening, layout_rooms, st_stairs_7,
          minmay_misc_feat_diagonals, chequers_decorated_corner
D:2:      layout_loops_corners, corexii_shack, uniq_natasha
D:3:      layout_rooms, led_sif_pool
D:4:      layout_layer_cave, serial_shops, nicolae_shop_rolling_square

Skill      XL: |  1  2  3  4  5 |
---------------+----------------+-----
Unarmed Combat | 4 5 |  5.7
Shapeshifting  | 4 |  4.2
Fighting       | |  0.7
Dodging        | |  1.5

Action                     |  1- 3 |  4- 6 || total
---------------------------+-------+-------++-------
  Melee: Unarmed           |    55 |    81 ||   136
         Punch             |       |     1 ||     1
    Use: Scroll            |       |     7 ||     7
   Stab: Sleeping          |       |     1 ||     1
 Armour: Animal skin       |    33 |    46 ||    79
  Dodge: Dodged            |    26 |    34 ||    60

Table legend: (Time is in decaauts)
 A = Elapsed time spent in this place.
 B = Non-inter-level travel time spent in this place.
 C = Inter-level travel time spent in this place.
 D = Time resting spent in this place.
 E = Time spent auto-exploring this place.
 F = Levels seen in this place.
 G = Mean time per level.
                   A        B        C        D        E       F      G
               +--------+--------+--------+--------+--------+-----+--------+
         Total |   2115 |   2070 |     45 |      2 |   1680 |   4 |  528.8 |
       Dungeon |   2115 |   2070 |     45 |      2 |   1680 |   4 |  528.8 |
               +--------+--------+--------+--------+--------+-----+--------+

Top non-repeatable levels by time:
     D:2: 802 daAuts
     D:1: 521 daAuts
     D:3: 454 daAuts
     D:4: 338 daAuts
